 Dungeon Crawl Stone Soup version 0.20.0-10-g0535bb4 (webtiles) character file.

3441 grindst0ne the Fighter (level 10, -6/68 HPs)
             Began as a Gargoyle Berserker on June 7, 2017.
             Was a High Priest of Trog.
             Mangled by Gastronok (24 damage)
             ... on level 8 of the Dungeon.
             The game lasted 00:14:35 (7849 turns).

grindst0ne the Fighter (Gargoyle Berserker)         Turns: 7849, Time: 00:14:36

Health: -6/68      AC: 20    Str: 20    XL:     10   Next: 5%
Magic:  10/10      EV:  6    Int: 11    God:    Trog [*****.]
Gold:   385        SH:  0    Dex: 12    Spells: 9/9 levels left

rFire    . . .     SeeInvis +   t - +9 falchion of Abuse {venom, rElec rC- Int+2}
rCold    x . .     Gourm    .   (no shield)
rNeg     + . .     Faith    +   C - +0 plate armour
rPois    ∞         Spirit   .   (no helmet)
rElec    +         Reflect  .   n - +0 cloak
rCorr    .         Harm     .   (no gloves)
MR       .....                  (no boots)
Stlth    ..........             k - amulet of faith
Regen    0.3/turn               B - ring of see invisible
MPRegen  0.2/turn               (no ring)

@: berserk cooldown, hasted and slowed
A: negative energy resistance 1, electricity resistance, unbreathing,
petrification resistance, rot immunity, AC +7
a: Berserk, Trog's Hand, Brothers in Arms, Burn Spellbooks, Renounce Religion


You were on level 8 of the Dungeon.
You worshipped Trog.
Trog was extremely pleased with you.
You were very hungry.

You visited 1 branch of the dungeon, and saw 8 of its levels.

You collected 385 gold pieces.

Inventory:

Hand Weapons
 t - the +9 falchion of Abuse (weapon) {venom, rElec rC- Int+2}
   (You found it on level 7 of the Dungeon)

   It poisons the flesh of those it strikes.
   It affects your intelligence (+2).
   It makes you vulnerable to cold.
   It insulates you from electricity.
 L - a +0 war axe
Missiles
 I - a throwing net (quivered)
Armour
 n - a +0 cloak (worn)
 C - a +0 plate armour (worn)
Jewellery
 k - an amulet of faith (around neck)
 s - an uncursed amulet of rage {unknown}
 B - a ring of see invisible (left hand)
Wands
 a - a wand of polymorph (4/24)
 u - a wand of enslavement (11/24)
 H - a wand of digging (14/24)
 K - a wand of flame (21/48)
Scrolls
 e - 3 scrolls of magic mapping {unknown}
 h - 5 scrolls of remove curse
 l - 5 scrolls of teleportation
 w - 2 scrolls of fog {unknown}
 y - a scroll of recharging {unknown}
 D - a scroll of identify
 E - a scroll of random uselessness {unknown}
 F - a scroll of fear {unknown}
 J - a scroll of holy word {unknown}
Potions
 d - 2 potions of haste
 f - a potion of berserk rage
 i - 3 potions of resistance
 j - 2 potions of mutation
 m - 4 potions of curing {unknown}
 o - a potion of degeneration {unknown}
 p - 4 potions of flight {unknown}
 q - 3 potions of invisibility {unknown}
 r - 2 potions of agility {unknown}
 v - a potion of might {unknown}
 x - 3 potions of heal wounds {unknown}
 z - 2 potions of brilliance {unknown}
Comestibles
 c - 2 bread rations
 g - 3 royal jellies
 A - a meat ration
 G - 2 fruits


   Skills:
 - Level 10.1 Fighting
 + Level 9.5 Axes
 + Level 5.2 Armour
 - Level 1.5 Dodging


You had 9 spell levels left.
You didn't know any spells.

Dungeon Overview and Level Annotations

Branches:
Dungeon (8/15)             Temple (0/1) D:4
   Lair: D:8-11

Altars:
Kikubaaqudgha
Makhleb
Okawaru
Qazlal
Ru
Sif Muna
Yredelemnul
Zin

Shops:
D:5 *   D:6 *   D:7 =

Annotations:
D:8 Gastronok


Innate Abilities, Weirdness & Mutations

You are resistant to torment.
Your stone body is resilient. (AC +7)
You are immune to poison.
You resist negative energy. (rN+)
You are resistant to electric shocks. (rElec)
You can survive without breathing.
You are immune to petrification.
You are immune to rotting.


Message History

* * * LOW HITPOINT WARNING * * *
All of the chunks of flesh in your inventory have rotted away.
Found a bread ration.
Gastronok's eyestalks quiver as he mumbles some strange words.
Gastronok puts on a burst of speed!
You feel the effects of Trog's Hand fading.
Gastronok gurgles, "I'll eat you, I will!"
You hit Gastronok.
Gastronok looks as sick as possible!
Gastronok is severely wounded.
Gastronok waves his eye-stalks in wide circles.
The air twists around and strikes you!
* * * LOW HITPOINT WARNING * * *
Gastronok barely misses you.
Your skin stops crawling.
You feel less resistant to hostile enchantments.
You feel yourself speed up.
Gastronok makes a strange noise.
Gastronok wobbles crazily.
Gastronok bites you!!
You die...

>.##...### ..#>. .# #...## #
###.... ..# #..#.# # ... #.....
..##.. #.# # .....
###......##%.##. ##.# # ......#
#...##..#....##.##..####
.......###..#....#.............##
........##....##.w..#.##.##.##...
#...........###.@.....##.#.<# ##.
#...............#..##.##...## #.
#.................###..#..# #.
#.........)#!.##### #..#..# ##
#.....†.)..#..## #.....# ####
#...w[.†..##...### #..<..# #...
#....#....##.#...####.....## #...
.#.#.#...##..###......[....# #...
..[..........#####.......#..##...


You could see Gastronok.

Vanquished Creatures
  Pikel (D:8)
  Sigmund (D:6)
  4 ice beasts
  A slave (D:8)
  An orc warrior (D:8)
  A black bear (D:8)
  9 ogres
  4 centaurs
  Blork the orc (D:5)
  3 bullfrogs (D:7)
  A scorpion (D:4)
  2 killer bees (D:8)
  A jelly (D:5)
  A centaur zombie (D:7)
  4 hounds
  2 orc priests
  An orc wizard (D:7)
  A bullfrog skeleton (D:7)
  A centaur skeleton (D:5)
  3 iguanas
  6 worker ants
  A worker ant zombie (D:7)
  7 gnolls
  8 adders
  A shadow imp (D:6)
  An ooze (D:4)
  An adder skeleton (D:4)
  2 worms (D:2)
  4 dart slugs
  6 leopard geckos
  16 orcs
  7 bats
  5 giant cockroaches
  10 goblins
  8 hobgoblins
  13 jackals
  5 quokkas
  3 ball pythons
  6 frilled lizards
  11 kobolds
  A leopard gecko skeleton (D:8)
  2 quokka zombies
  5 rats
172 creatures vanquished.

Vanquished Creatures (others)
  3 slaves (D:8)
  2 killer bees (D:8)
5 creatures vanquished.

Grand Total: 177 creatures vanquished

Notes
Turn   | Place    | Note
-------+----------+-------------------------------------------
     0 | D:1      | grindst0ne the Gargoyle Berserker began the quest for the Orb.
     0 | D:1      | Reached XP level 1. HP: 14/14 MP: 1/1
   137 | D:1      | Reached XP level 2. HP: 19/19 MP: 2/2
   526 | D:1      | Reached XP level 3. HP: 24/24 MP: 3/3
   738 | D:2      | Reached skill level 4 in Fighting
   753 | D:2      | Reached ** piety under Trog
  1280 | D:2      | Reached XP level 4. HP: 27/30 MP: 4/4
  2463 | D:3      | Reached XP level 5. HP: 34/34 MP: 5/5
  2624 | D:3      | Reached *** piety under Trog
  2790 | D:3      | Noticed an ogre
  2806 | D:3      | Reached skill level 5 in Fighting
  2812 | D:3      | Killed an ogre
  2812 | D:3      | Reached XP level 6. HP: 11/40 MP: 6/6
  3474 | D:4      | Reached skill level 6 in Fighting
  3474 | D:4      | Reached skill level 5 in Axes
  3613 | D:4      | Found a sacrificial altar of Ru.
  3646 | D:4      | Found a staircase to the Ecumenical Temple.
  3768 | D:4      | Reached XP level 7. HP: 43/47 MP: 7/7
  3831 | D:5      | Entered Level 5 of the Dungeon
  4295 | D:5      | Noticed Blork the orc
  4310 | D:5      | Killed Blork the orc
  4310 | D:5      | Reached skill level 7 in Fighting
  4607 | D:5      | Found an iron altar of Okawaru.
  4823 | D:5      | Reached **** piety under Trog
  4840 | D:5      | Found Zin's Purification Station.
  4840 | D:5      | Found a glowing silver altar of Zin.
  5186 | D:5      | Reached XP level 8. HP: 51/53 MP: 8/8
  5550 | D:6      | Noticed Sigmund
  5560 | D:6      | Killed Sigmund
  5560 | D:6      | Reached skill level 8 in Fighting
  5733 | D:6      | Found Ximiappo's Elemental Accessories.
  6346 | D:7      | Reached skill level 9 in Fighting
  6449 | D:7      | Reached XP level 9. HP: 60/60 MP: 9/9
  6730 | D:7      | Found an ancient bone altar of Kikubaaqudgha.
  6743 | D:7      | Got a fine falchion
  6744 | D:7      | Identified the +9 falchion of Abuse {venom, rElec rC- Int+2} (You found it on level 7 of the Dungeon)
  6779 | D:7      | Found Zangun's Jewellery Emporium.
  7232 | D:7      | Reached skill level 10 in Fighting
  7356 | D:8      | Reached ***** piety under Trog
  7545 | D:8      | Found a deep blue altar of Sif Muna.
  7546 | D:8      | Found a burning altar of Makhleb.
  7546 | D:8      | Found a stormy altar of Qazlal.
  7596 | D:8      | Found a basalt altar of Yredelemnul.
  7715 | D:8      | Noticed Pikel
  7768 | D:8      | Killed Pikel
  7768 | D:8      | Reached XP level 10. HP: 68/68 MP: 10/10
  7770 | D:8      | Reached skill level 5 in Armour
  7774 | D:8      | Noticed Gastronok
  7849 | D:8      | Mangled by Gastronok

Skill      XL: |  1  2  3  4  5  6  7  8  9 10 |
---------------+-------------------------------+-----
Axes           | 3 4 5 6 7 9 |  9.5
Fighting       | 4 5 6 7 9 10 | 10.1
Armour         | 4 5 |  5.2
Dodging        | |  1.5

Action                   |  1- 3 |  4- 6 |  7- 9 | 10-12 || total
-------------------------+-------+-------+-------+-------++-------
Melee: Hand axe          |   116 |   204 |    93 |       ||   413
       War axe           |       |       |    97 |       ||    97
       Falchion          |       |       |    76 |    16 ||    92
Invok: Berserk           |     1 |     1 |    15 |     1 ||    18
       Trog's Hand       |       |       |     1 |     1 ||     2
       Burn Spellbooks   |       |       |     1 |       ||     1
  Use: Scroll            |       |     5 |     3 |       ||     8
       Potion            |       |       |       |     1 ||     1
 Stab: Sleeping          |     1 |       |       |       ||     1
  Eat: Chunk             |     2 |     9 |    21 |     2 ||    34
       Bread ration      |       |       |     1 |       ||     1
       Fruit             |       |       |     1 |       ||     1
Armor: Animal skin       |    49 |     5 |       |       ||    54
       Ring mail         |       |    75 |     8 |       ||    83
       Scale mail        |       |       |   100 |       ||   100
       Plate armour      |       |       |    78 |    17 ||    95
Dodge: Dodged            |    81 |   139 |   143 |    11 ||   374
       Rpst.: Falchion   |       |       |    16 |     3 ||    19
